 Dungeon Crawl Stone Soup version 0.18.1-5-g4a78601 (webtiles) character file.

308 inmateoo the Chiller (level 5, -2/38 HPs)
             Began as a Demigod Ice Elementalist on May 14, 2016.
             Slain by Grinder (5 damage)
             ... while paralysed by Grinder
             ... on level 3 of the Dungeon.
             The game lasted 00:02:45 (1506 turns).

inmateoo the Chiller (Demigod Ice Elementalist)     Turns: 1506, Time: 00:02:46

Health: -2/38      AC:  5    Str: 13    XL:     5   Next: 94%
Magic:  6/12       EV:  2    Int: 19    God:
Gold:   135        SH:  0    Dex: 16    Spells: 1 memorised, 8 levels left

rFire  . . .     SeeInvis .     v - +2 quarterstaff (chaos)
rCold  . . .     Gourm    .     a - +0 robe
rNeg   . . .     Faith    .     (shield currently unavailable)
rPois  .         Spirit   .     (no helmet)
rElec  .         Dismiss  .     w - +0 cloak
rCorr  .         Reflect  .     (no gloves)
SustAt +         Harm     .     x - +1 pair of boots
MR     .....                    (no amulet)
Stlth  ++........               (no ring)
                                (no ring)

@: paralysed, not resistant to hostile enchantments, unstealthy
A: high mp 1, sustain attributes
a: no special abilities


You were on level 3 of the Dungeon.
You were not hungry.

You visited 1 branch of the dungeon, and saw 3 of its levels.

You collected 135 gold pieces.

Inventory:

Hand Weapons
 f - a +0 dagger
 j - a +0 scythe
 s - a +0 mace of holy wrath
 v - a +2 quarterstaff of chaos (weapon)
Armour
 a - a +0 robe (worn)
 w - a +0 cloak (worn)
 x - a +1 pair of boots (worn)
Jewellery
 t - a +3 ring of strength {unknown}
Wands
 n - a wand of teleportation (7/9)
Scrolls
 d - 3 scrolls of teleportation {unknown}
 i - a scroll of enchant weapon {unknown}
 m - 4 scrolls of identify {unknown}
 o - a scroll of magic mapping {unknown}
 p - a scroll of immolation {unknown}
 u - 2 scrolls of remove curse {unknown}
 y - a scroll of amnesia {unknown}
Potions
 e - a potion of agility {unknown}
 g - 2 potions of curing
 h - a potion of degeneration {unknown}
 k - a potion of mutation {unknown}
 l - a potion of ambrosia {unknown}
 q - a potion of lignification {unknown}
Books
 b - a book of Frost

   Spells                             Type                      Level
   a - Freeze                         Ice                          1
   b - Throw Frost                    Conjuration/Ice              2
   c - Ozocubu's Armour               Charms/Ice                   3
   d - Throw Icicle                   Conjuration/Ice              4
   e - Summon Ice Beast               Ice/Summoning                4
Comestibles
 c - 4 bread rations
 r - a meat ration
 z - a chunk of flesh


   Skills:
 + Level 0.5 Polearms
 + Level 3.0 Dodging
 + Level 3.1 Stealth
 + Level 2.8 Spellcasting
   Level 0.8 Conjurations
 * Level 4.4 Ice Magic


You had 8 spell levels left.
You knew the following spells:

 Your Spells              Type           Power        Failure   Level  Hunger
a - Freeze                Ice            ###.         2%          1    None


Dungeon Overview and Level Annotations

Branches:
Dungeon (3/15)

Annotations:
D:3 Grinder


Innate Abilities, Weirdness & Mutations

You have an increased reservoir of magic (+10% MP).
Your attributes are resistant to harm.


Message History

Aim: Grinder (lightly wounded)
You freeze Grinder.
Grinder resists.
Grinder is moderately wounded.
Grinder hits you!
* * * LOW HITPOINT WARNING * * *
You writhe in agony.
* * * LOW HITPOINT WARNING * * *
Casting: Freeze
Confirm with . or Enter, or press ? or * to list all spells.
Aiming: Freeze
Press: ? - help, Shift-Dir - straight line, f/p - Grinder
Aim: Grinder (moderately wounded)
You freeze Grinder.
Grinder resists.
Grinder is moderately wounded.
Grinder gestures at you.
You suddenly lose the ability to move!
Grinder hits you.
* * * LOW HITPOINT WARNING * * *
You writhe in agony.
You die...

.# #.#... .##### #.#...
..... #.#...
##...#####.#...
###..............
#######$.....#######...
.#.........##########...
.(.........'............
......5@...##########...
#..........# ####
#..###......... # #
#.........# #
#.........# #
#.........######### #
#.................#
..#.................. #.
...........#


You could see Grinder.

Vanquished Creatures
  Sigmund (D:2)
  Crazy Yiuf (D:2)
  Terence (D:2)
  Natasha (thrice) (D:2)
  2 adders (D:2)
  An ooze (D:3)
  A dart slug (D:2)
  A giant gecko (D:2)
  2 goblins (D:3)
  3 hobgoblins (D:1)
  3 jackals (D:3)
  2 kobolds
  A bat (D:1)
  A giant newt (D:2)
  2 rats (D:2)
  2 fungi (D:2)
27 creatures vanquished.

Notes
Turn   | Place    | Note
--------------------------------------------------------------
     0 | D:1      | inmateoo the Demigod Ice Elementalist began the quest for the Orb.
     0 | D:1      | Reached XP level 1. HP: 14/14 MP: 5/5
   399 | D:2      | Reached skill level 3 in Ice Magic
   399 | D:2      | Reached XP level 2. HP: 20/20 MP: 0/7
   480 | D:2      | Found a faded altar to an unknown god.
   489 | D:2      | Noticed Sigmund
   631 | D:2      | Killed Sigmund
   631 | D:2      | Reached skill level 4 in Ice Magic
   631 | D:2      | Reached XP level 3. HP: 26/26 MP: 0/9
   631 | D:2      | Reached XP level 4. HP: 33/33 MP: 0/10
   631 | D:2      | Reached XP level 5. HP: 38/38 MP: 0/11
   695 | D:2      | Noticed Natasha
   699 | D:2      | Killed Natasha
   758 | D:2      | Noticed Natasha
   765 | D:2      | Killed Natasha
   825 | D:2      | Noticed Terence
   898 | D:2      | Killed Terence
  1024 | D:2      | Noticed Natasha
  1029 | D:2      | Killed Natasha
  1119 | D:2      | Noticed Crazy Yiuf
  1124 | D:2      | Killed Crazy Yiuf
  1489 | D:3      | Noticed Grinder
  1497 | D:3      | Paralysed by Grinder for 4 turns
  1505 | D:3      | Paralysed by Grinder for 4 turns
  1506 | D:3      | Slain by Grinder

Skill      XL: |  1  2  3  4  5 |
---------------+----------------+-----
Dodging        | 2 3 |  3.0
Ice Magic      | 3 4 |  4.4
Spellcasting   | 2 |  2.8
Stealth        | 2 3 |  3.1
Polearms       | |  0.5
Conjurations   | |  0.8

Action                   |  1- 3 |  4- 6 || total
-------------------------+-------+-------++-------
Melee: Dagger            |     3 |       ||     3
       Scythe            |       |    25 ||    25
       Quarterstaff      |       |    19 ||    19
 Cast: Freeze            |    19 |    22 ||    41
  Use: Potion            |     1 |       ||     1
 Stab: Sleeping          |       |     4 ||     4
  Eat: Chunk             |       |     2 ||     2
Armor: Robe              |     3 |     8 ||    11
Dodge: Dodged            |    13 |    30 ||    43
